 Dungeon Crawl Stone Soup version 0.29.1-2-gbd0b4ee654 (webtiles) character file.

Game seed: 11506895614529472658

14 GorkyZ the Magician (level 2, -1/15 HPs)
             Began as a Deep Elf Air Elementalist on Nov 18, 2022.
             Slain by a hobgoblin (2 damage)
             ... on level 2 of the Dungeon.
             The game lasted 00:05:08 (1160 turns).

GorkyZ the Magician (Deep Elf Air Elementalist)     Turns: 1160, Time: 00:05:08

Health: -1/15      AC:  2    Str:  5    XL:     2   Next: 31%
Magic:  1/8        EV: 13    Int: 19    God:
Gold:   48         SH:  0    Dex: 15    Spells: 6/7 levels left

rFire   . . .      SeeInvis .   c - staff of cold
rCold   + . .      Faith    .   (no shield)
rNeg    . . .      Spirit   .   a - +0 robe
rPois   .          Reflect  .   (no helmet)
rElec   .          Harm     .   (no cloak)
rCorr   .          Rampage  .   (no gloves)
Will    .....                   (no boots)
Stlth   ++........              (no amulet)
HPRegen 0.05/turn               (no ring)
MPRegen 0.11/turn               (no ring)

@: no status effects
A: no striking features
a: no special abilities


You were on level 2 of the Dungeon.
You visited 1 branch of the dungeon, and saw 2 of its levels.

You collected 48 gold pieces.

Inventory:

Armour
 a - a +0 robe (worn)
Magical Staves
 c - a staff of cold (weapon)
Jewellery
 d - a ring of fire
Scrolls
 e - a scroll of summoning {unknown}
 g - a scroll of enchant weapon {unknown}
 i - a scroll of identify {unknown}
Potions
 f - a potion of ambrosia {unknown}
 h - a potion of invisibility {unknown}
 j - a potion of degeneration {unknown}


   Skills:
 + Level 2.7 Dodging
 - Level 2.4 Stealth
 + Level 3.2 Spellcasting
 + Level 1.4 Conjurations
 + Level 3.1 Air Magic
 + Level 0.8 Poison Magic


You had 6 spell levels left.
You knew the following spells:

 Your Spells              Type           Power      Damage    Failure   Level
a - Shock                 Conj/Air       44%        1d5       6%          1

Your spell library contained the following spells:

 Spells                   Type           Power      Damage    Failure   Level
 Static Discharge         Conj/Air       11%        3-5/arc   9%          2
 Swiftness                Air            15%        N/A       12%         3
 Airstrike                Air            7%         2d(2-18)  38%         4
 Conjure Ball Lightning   Conj/Air       5%         3x3d6     100%        6
 Discord                  Hex            1%         N/A       100%        8
 Disjunction              Tloc           1%         N/A       100%        8


Dungeon Overview and Level Annotations

Branches:
Dungeon (2/15)

Altars:


Message History

The ball python constricts you.
You escape the ball python's grasp.
The ball python closely misses you. The ball python misses you.
The rat twitches its whiskers.
You are too injured to fight recklessly!
Aiming: Shock (safe; 6% risk of failure)
Press: ? - help, Q - select action Shift-Dir - straight line, f/p - worm
Aim: a worm (heavily wounded, 89% to hit)
The zap hits the ball python.
You kill the ball python!
The zap hits the worm.
The worm is severely wounded.
Aiming: Shock (safe; 6% risk of failure)
Press: ? - help, Q - select action Shift-Dir - straight line, f - rat, p - worm
Aim: a rat (68% to hit)
The zap hits the worm.
The worm is almost dead.
The zap hits the rat.
You kill the rat!
Okay, then.
You don't have enough magic to cast this spell.
The hobgoblin barely misses you.
Aiming: Shock (safe; 6% risk of failure)
Press: ? - help, Q - select action Shift-Dir - straight line, f - worm
Aim: a worm (heavily wounded, 89% to hit)
The zap misses the hobgoblin.
The zap hits the worm.
The worm is severely wounded.
The hobgoblin barely misses you.
You completely miss the hobgoblin. The hobgoblin closely misses you.
You hit the hobgoblin.
The hobgoblin is moderately wounded.
The hobgoblin hits you.
* * * LOW HITPOINT WARNING * * *
The hobgoblin hits you but does no damage.
The hobgoblin completely misses you. The hobgoblin attacks as you move away!
The hobgoblin misses you. The worm barely misses you.
The hobgoblin barely misses you. The hobgoblin attacks as you move away!
The hobgoblin hits you.
You die...

#..............
#..............
#.............
#+#........... .
#.#.........## .
#.......#....###.
#.....†...).....
#####...............
#.g@.<......##.....#
##w####.....##.......
####..###.......#.......
#.......................
#.................†.....
#..............#######.#
#........#....## #.#
##########.#### #.# #..#
..#


You could see a worm and a hobgoblin.

Vanquished Creatures
  4 ball pythons
  3 bats (D:1)
  An endoplasm (D:1)
  A kobold (D:1)
  A quokka (D:1)
  2 frilled lizards
  3 rats
15 creatures vanquished.

Notes
Turn   | Place    | Note
-------+----------+-------------------------------------------
     0 | D:1      | GorkyZ the Deep Elf Air Elementalist began the quest for
                  | the Orb.
     0 | D:1      | Reached XP level 1. HP: 10/10 MP: 6/6
    38 | D:1      | Found a faded altar of an unknown god.
   605 | D:1      | Reached XP level 2. HP: 15/15 MP: 5/8
  1160 | D:2      | Slain by a hobgoblin

Illustrated notes

Levels and vault maps discovered:
D:1:      spicycebolla_arrival_clurvy, layout_basic,
          shapermc_ecumenical_altar_gd
D:2:      layout_rooms, serial_shops, nicolae_shop_hallway_stairs, shop

Action                   || total
-------------------------++-------
Melee: Staff             ||     3
 Cast: Shock             ||    42
  Use: Potion            ||     1
Armor: Robe              ||     2
Dodge: Dodged            ||    16
